AAA EAST
MEMPHIS REDBIRDS @ INDIANAPOLIS INDIANS
08/13/2041
 
TOP OF THE 1ST
Memphis Redbirds batting - Pitching for Indianapolis Indians : RHP Bob Haynes
Pitching: RHP Bob Haynes
Batting: LHB Cisco Chávez 0-0: Ball
1-0: Ball
2-0: Called Strike
2-1: Ball
3-1: Swinging Strike
3-2: Foul Ball, location: 2F
3-2: SINGLE (Groundball, 6MD, EV 96.3 MPH)
Batting: RHB António Valentín 0-0: Ball
1-0: Called Strike
1-1: Foul Ball, location: 9LDF
1-2: Foul Ball, location: 2F
1-2: Foul Ball, location: 9LSF
1-2: Strikes out swinging
Batting: LHB Mike O'Halloran 0-0: Ball
1-0: Ball
2-0: Foul Ball, location: 5F
2-1: Ball
3-1: Foul Ball, location: 9LSF
3-2: Fly out, F8 (Flyball, 8RD, EV 101.3 MPH)
Batting: LHB Ben King 0-0: SINGLE (Line Drive, 3D, EV 103.8 MPH)
Cisco Chávez to second
Batting: SHB Tim Wilson 0-0: Ball
1-0: Swinging Strike
1-1: DOUBLE (Line Drive, 89XD, EV 104.4 MPH)
Cisco Chávez scores
Ben King to third
Runner from 3rd tries for Home, SAFE, throw by CF to trailing runner, SAFE at third!
Batting: LHB Juan García 0-0: Ball
1-0: Reached via error on a dropped throw from 1B, E1 (Groundball, 34, EV 107.5 MPH)
Tim Wilson scores
Batting: RHB Edwin Jackson 0-0: Ball
1-0: Ball
2-0: Swinging Strike
2-1: Ball
3-1: Ground out 4-3 (Groundball, 34S, EV 83.8 MPH)
Top of the 1st over - 3 runs, 3 hits, 1 error, 1 left on base; Memphis 3 - Indianapolis 0
BOTTOM OF THE 1ST
Indianapolis Indians batting - Pitching for Memphis Redbirds : RHP Chip Fitzsymons
Pitching: RHP Chip Fitzsymons
Batting: RHB Steve Jenkins 0-0: Ball
1-0: Ball
2-0: Called Strike
2-1: Foul Ball, location: 2F
2-2: Foul Ball, location: 5F
2-2: Strikes out swinging
Batting: LHB Jim Beard 0-0: Ball
1-0: Ball
2-0: Swinging Strike
2-1: Foul Ball, location: 7LDF
2-2: Foul Ball, location: 2F
2-2: Foul Ball, location: 2F
2-2: Strikes out swinging
Batting: RHB José Vargas 0-0: Foul Ball, location: 2F
0-1: Fly out, F8 (Flyball, 8RM, EV 78.8 MPH)
Bottom of the 1st over - 0 runs, 0 hits, 0 errors, 0 left on base; Memphis 3 - Indianapolis 0
TOP OF THE 2ND
Memphis Redbirds batting - Pitching for Indianapolis Indians : RHP Bob Haynes
Batting: LHB Gervasio Fulda 0-0: Called Strike
0-1: Ball
1-1: SINGLE (Groundball, 56S, EV 75.6 MPH) (infield hit)
Batting: RHB David Pacheco 0-0: Bunted foul
0-1: Sac Bunt to 3S - play at first, batter OUT! 3-4
Gervasio Fulda to second
Batting: LHB Cisco Chávez 0-0: Swinging Strike
0-1: Ball
1-1: Ball
2-1: Ball
3-1: Foul Ball, location: 2F
3-2: Base on Balls
Batting: RHB António Valentín 0-0: Ball
Gervasio Fulda is caught stealing 3rd base 2-5
Cisco Chávez to second
1-0: Foul Ball, location: 5DF
1-1: Ball
2-1: Foul Ball, location: 2F
2-2: Foul Ball, location: 7LDF
2-2: Foul Ball, location: 3SF
2-2: DOUBLE (Groundball, 5L, EV 102.5 MPH)
Cisco Chávez scores
Batting: LHB Mike O'Halloran 0-0: Ball
1-0: Foul Ball, location: 3F
1-1: Swinging Strike
1-2: Fly out, F9 (Flyball, 9, EV 93.8 MPH)
Top of the 2nd over - 1 run, 2 hits, 0 errors, 1 left on base; Memphis 4 - Indianapolis 0
BOTTOM OF THE 2ND
Indianapolis Indians batting - Pitching for Memphis Redbirds : RHP Chip Fitzsymons
Batting: RHB Ed Livermore 0-0: Ball
1-0: Ball
2-0: Ball
3-0: Called Strike
3-1: Foul Ball, location: 2F
3-2: Foul Ball, location: 5FF
3-2: Base on Balls
Batting: LHB Jesús Benavidez 0-0: Ball
Ed Livermore steals 2nd base (no throw)
1-0: Ball
2-0: SINGLE (Line Drive, 89S, EV 85.0 MPH)
Ed Livermore to third
Batting: RHB Chris Smith 0-0: DOUBLE (Flyball, 8LXD, EV 99.4 MPH)
Ed Livermore scores
Jesús Benavidez to third
Batting: RHB Johnny Owen 0-0: Ground out 5-3 (Groundball, 56S, EV 71.3 MPH)
Batting: RHB César Otero 0-0: Called Strike
0-1: Foul Ball, location: 2F
0-2: Foul Ball, location: 9LSF
0-2: Ball
1-2: Ball
2-2: Foul Ball, location: 9LDF
2-2: Strikes out swinging
Batting: RHB Manny Martínez 0-0: Ball
1-0: Called Strike
1-1: Ball
2-1: Ground out 5-3 (Groundball, 56S, EV 85.0 MPH)
Bottom of the 2nd over - 1 run, 2 hits, 0 errors, 2 left on base; Memphis 4 - Indianapolis 1
TOP OF THE 3RD
Memphis Redbirds batting - Pitching for Indianapolis Indians : RHP Bob Haynes
Batting: LHB Ben King 0-0: SOLO HOME RUN (Flyball, 9D, EV 95.0 MPH), Distance : 361 ft
Batting: SHB Tim Wilson 0-0: Ball
1-0: Ball
2-0: Ground out 5-3 (Groundball, 5, EV 86.3 MPH)
Batting: LHB Juan García 0-0: Ball
1-0: Called Strike
1-1: Ball
2-1: Called Strike
2-2: Ball
3-2: Fly out, F2 (Popup, 15S, EV 91.3 MPH)
Batting: RHB Edwin Jackson 0-0: Called Strike
0-1: Ground out U3 (Groundball, 34S, EV 78.8 MPH)
Top of the 3rd over - 1 run, 1 hit, 0 errors, 0 left on base; Memphis 5 - Indianapolis 1
BOTTOM OF THE 3RD
Indianapolis Indians batting - Pitching for Memphis Redbirds : RHP Chip Fitzsymons
Batting: RHB Steve Jenkins 0-0: Ball
1-0: Foul Ball, location: 2F
1-1: Swinging Strike
1-2: SINGLE (Groundball, 6MD, EV 96.3 MPH)
Batting: LHB Jim Beard 0-0: Ball
Steve Jenkins is caught stealing 2nd base 2-6
1-0: SINGLE (Line Drive, 9S, EV 103.8 MPH)
Batting: RHB José Vargas 0-0: Called Strike
Jim Beard steals 2nd base
0-1: Ball
1-1: Called Strike
1-2: Ball
2-2: Ball
3-2: Strikes out swinging
Batting: RHB Ed Livermore 0-0: Swinging Strike
0-1: Foul Ball, location: 9LSF
0-2: Foul Ball, location: 5F
0-2: Ball
1-2: Foul Ball, location: 3F
1-2: Strikes out swinging
Bottom of the 3rd over - 0 runs, 2 hits, 0 errors, 1 left on base; Memphis 5 - Indianapolis 1
TOP OF THE 4TH
Memphis Redbirds batting - Pitching for Indianapolis Indians : RHP Bob Haynes
Batting: LHB Gervasio Fulda 0-0: Ball
1-0: Called Strike
1-1: Ball
2-1: Fly out, F9 (Line Drive, 9D, EV 88.1 MPH)
Batting: RHB David Pacheco 0-0: Fly out, F8 (Line Drive, 8RD, EV 86.3 MPH)
Batting: LHB Cisco Chávez 0-0: Foul Ball, location: 3F
0-1: Swinging Strike
0-2: Ball
1-2: Foul Ball, location: 7LSF
1-2: Ground out 5-3 (Groundball, 56, EV 90.0 MPH)
Top of the 4th over - 0 runs, 0 hits, 0 errors, 0 left on base; Memphis 5 - Indianapolis 1
BOTTOM OF THE 4TH
Indianapolis Indians batting - Pitching for Memphis Redbirds : RHP Chip Fitzsymons
Batting: LHB Jesús Benavidez 0-0: Ball
1-0: Called Strike
1-1: Swinging Strike
1-2: Ball
2-2: Ball
3-2: Foul Ball, location: 7LSF
3-2: Base on Balls
Batting: RHB Chris Smith 0-0: Called Strike
0-1: Ball
1-1: Fly out, F7 (Flyball, 7D, EV 90.6 MPH)
Batting: RHB Johnny Owen 0-0: Called Strike
0-1: Foul Ball, location: 2F
0-2: SINGLE (Line Drive, 9S, EV 110.6 MPH)
Jesús Benavidez to second
Batting: RHB César Otero 0-0: Ball
1-0: Foul Ball, location: 7LSF
1-1: Swinging Strike
1-2: Ball
2-2: Foul Ball, location: 2F
2-2: Foul Ball, location: 5DF
2-2: Ball
3-2: Base on Balls
Jesús Benavidez to third
Johnny Owen to second
Batting: RHB Manny Martínez 0-0: Foul Ball, location: 9LSFF
0-1: Fly out, F8 (Flyball, 8LS, EV 94.4 MPH)
Batting: RHB Steve Jenkins 0-0: Called Strike
0-1: Ball
1-1: Ball
2-1: DOUBLE (Line Drive, 89D, EV 106.9 MPH)
Jesús Benavidez scores
Johnny Owen scores
César Otero to third
Runner from 3rd tries for Home, SAFE, throw by RF to home
Batting: LHB Jim Beard 0-0: Ball
1-0: Fly out, F3 (Line Drive, 34, EV 74.4 MPH)
Bottom of the 4th over - 3 runs, 2 hits, 0 errors, 1 left on base; Memphis 5 - Indianapolis 4
TOP OF THE 5TH
Memphis Redbirds batting - Pitching for Indianapolis Indians : RHP Bob Haynes
Batting: RHB António Valentín 0-0: Called Strike
0-1: Ball
1-1: Called Strike
1-2: Ball
2-2: SINGLE (Groundball, 13S, EV 62.5 MPH) (infield hit)
Pitching: RHP Ed McKinney
Batting: LHB Mike O'Halloran 0-0: Called Strike
0-1: Ball
1-1: Ball
2-1: Ball
3-1: 2-RUN HOME RUN (Flyball, 89XD, EV 98.8 MPH), Distance : 393 ft
Batting: LHB Ben King 0-0: Fly out, F7 (Flyball, 78D, EV 106.9 MPH)
Batting: SHB Tim Wilson 0-0: Swinging Strike
0-1: Called Strike
0-2: Foul Ball, location: 5F
0-2: Foul Ball, location: 23FF
0-2: Strikes out swinging
Batting: LHB Juan García 0-0: Ball
1-0: Ball
2-0: Foul Ball, location: 3F
2-1: Ball
3-1: Called Strike
3-2: Base on Balls
Batting: RHB Edwin Jackson 0-0: Foul Ball, location: 7LDF
0-1: Ball
1-1: Ball
2-1: Ground out 4-3 (Groundball, 4S, EV 82.5 MPH)
Top of the 5th over - 2 runs, 2 hits, 0 errors, 1 left on base; Memphis 7 - Indianapolis 4
BOTTOM OF THE 5TH
Indianapolis Indians batting - Pitching for Memphis Redbirds : RHP Chip Fitzsymons
Batting: RHB José Vargas 0-0: Foul Ball, location: 2F
0-1: Foul Ball, location: 9LMF
0-2: Fly out, F4 (Popup, 4M, EV 72.5 MPH)
Batting: RHB Ed Livermore 0-0: Ball
1-0: Swinging Strike
1-1: Foul Ball, location: 7LSF
1-2: Strikes out swinging
Batting: LHB Jesús Benavidez 0-0: Ball
1-0: Foul Ball, location: 2RF
1-1: Foul Ball, location: 2F
1-2: Ball
2-2: Ball
3-2: Foul Ball, location: 2F
3-2: Foul Ball, location: 9LSF
3-2: Foul Ball, location: 3SF
3-2: Foul Ball, location: 2F
3-2: Base on Balls
Pitching: RHP Daniel Bulseco
Batting: RHB Chris Smith 0-0: Ball
1-0: Ball
Wild Pitch!
Jesús Benavidez to second
2-0: Ground out 5-3 (Groundball, 56S, EV 87.5 MPH)
Bottom of the 5th over - 0 runs, 0 hits, 0 errors, 1 left on base; Memphis 7 - Indianapolis 4
TOP OF THE 6TH
Memphis Redbirds batting - Pitching for Indianapolis Indians : RHP Ed McKinney
Batting: LHB Gervasio Fulda 0-0: Foul Ball, location: 7LMF
0-1: Ball
1-1: Foul Ball, location: 2F
1-2: Ball
2-2: Ball
3-2: Ground out U3 (Groundball, 3, EV 101.3 MPH)
Batting: RHB David Pacheco 0-0: Called Strike
0-1: Foul Ball, location: 2F
0-2: Strikes out swinging
Batting: LHB Cisco Chávez 0-0: Foul Ball, location: 5F
0-1: Ball
1-1: Ball
2-1: Ball
3-1: Swinging Strike
3-2: Strikes out swinging
Top of the 6th over - 0 runs, 0 hits, 0 errors, 0 left on base; Memphis 7 - Indianapolis 4
BOTTOM OF THE 6TH
Indianapolis Indians batting - Pitching for Memphis Redbirds : RHP Daniel Bulseco
Batting: RHB Johnny Owen 0-0: Called Strike
0-1: Swinging Strike
0-2: Strikes out swinging
Batting: RHB César Otero 0-0: Ground out 5-3 (Groundball, 56S, EV 72.5 MPH)
Batting: RHB Manny Martínez 0-0: Ball
1-0: Ball
2-0: Called Strike
2-1: Ball
3-1: Base on Balls
Batting: RHB Steve Jenkins 0-0: Foul Ball, location: 3DF
0-1: Swinging Strike
0-2: Foul Ball, location: 2F
0-2: Strikes out swinging
Bottom of the 6th over - 0 runs, 0 hits, 0 errors, 1 left on base; Memphis 7 - Indianapolis 4
TOP OF THE 7TH
Memphis Redbirds batting - Pitching for Indianapolis Indians : RHP Ed McKinney
Batting: RHB António Valentín 0-0: Ball
1-0: Foul Ball, location: 2F
1-1: Called Strike
1-2: Ball
2-2: Ball
3-2: Ground out 6-3 (Groundball, 56, EV 103.1 MPH)
Batting: LHB Mike O'Halloran 0-0: Ball
1-0: Ball
2-0: Swinging Strike
2-1: Foul Ball, location: 2F
2-2: Ball
3-2: Foul Ball, location: 2F
3-2: Foul Ball, location: 23F
3-2: Strikes out swinging
Batting: LHB Ben King 0-0: Fly out, F1 (Popup, 13, EV 71.9 MPH)
Top of the 7th over - 0 runs, 0 hits, 0 errors, 0 left on base; Memphis 7 - Indianapolis 4
BOTTOM OF THE 7TH
Indianapolis Indians batting - Pitching for Memphis Redbirds : RHP Daniel Bulseco
Batting: LHB Jim Beard 0-0: Ground out 4-3 (Groundball, 4, EV 98.1 MPH)
Batting: RHB José Vargas 0-0: Ground out 6-3 (Groundball, 6, EV 101.9 MPH)
Batting: RHB Ed Livermore 0-0: Foul Ball, location: 9LSF
0-1: Swinging Strike
0-2: Ball
1-2: Foul Ball, location: 9LMF
1-2: Ball
2-2: Ball
3-2: Foul Ball, location: 2RF
3-2: Base on Balls
Batting: LHB Jesús Benavidez 0-0: Ball
1-0: Fly out, F8 (Flyball, 8LD, EV 108.8 MPH)
Bottom of the 7th over - 0 runs, 0 hits, 0 errors, 1 left on base; Memphis 7 - Indianapolis 4
TOP OF THE 8TH
Memphis Redbirds batting - Pitching for Indianapolis Indians : RHP Ed McKinney
Batting: SHB Tim Wilson 0-0: Swinging Strike
0-1: Foul Ball, location: 23FF
0-2: Foul Ball, location: 7LMF
0-2: Ball
1-2: Ball
2-2: Foul Ball, location: 7LSF
2-2: Foul Ball, location: 3F
2-2: Strikes out swinging
Batting: LHB Juan García 0-0: Ball
1-0: Ball
2-0: Called Strike
2-1: Ball
3-1: Base on Balls
Pitching: RHP César Gutiérrez
Batting: RHB Edwin Jackson 0-0: Ball
1-0: Foul Ball, location: 2F
1-1: Called Strike
1-2: Ball
2-2: Foul Ball, location: 2F
2-2: Ball
3-2: TRIPLE (Flyball, 78XD, EV 103.8 MPH)
Juan García scores
Batting: LHB Gervasio Fulda 0-0: Foul Ball, location: 2F
0-1: Ball
1-1: SINGLE (Groundball, 4MD, EV 95.6 MPH)
Edwin Jackson scores
Batting: RHB David Pacheco Pickoff Throw to First - Out! 1-3
0-0: Ground out 4-3 (Groundball, 4, EV 81.9 MPH)
Top of the 8th over - 2 runs, 2 hits, 0 errors, 0 left on base; Memphis 9 - Indianapolis 4
BOTTOM OF THE 8TH
Indianapolis Indians batting - Pitching for Memphis Redbirds : RHP Daniel Bulseco
Batting: RHB Chris Smith 0-0: Called Strike
0-1: Ball
1-1: Ball
2-1: Ball
3-1: Swinging Strike
3-2: Foul Ball, location: 2LF
3-2: Foul Ball, location: 2F
3-2: Foul Ball, location: 5F
3-2: Ground out 5-3 (Groundball, 56, EV 93.1 MPH)
Batting: RHB Johnny Owen 0-0: Called Strike
0-1: Ground out 4-3 (Groundball, 4, EV 86.3 MPH)
Batting: RHB César Otero 0-0: Foul Ball, location: 2F
0-1: Ball
1-1: Swinging Strike
1-2: Ball
2-2: Strikes out swinging
Bottom of the 8th over - 0 runs, 0 hits, 0 errors, 0 left on base; Memphis 9 - Indianapolis 4
TOP OF THE 9TH
Memphis Redbirds batting - Pitching for Indianapolis Indians : RHP César Gutiérrez
Batting: LHB Cisco Chávez 0-0: Swinging Strike
0-1: Called Strike
0-2: SINGLE (Groundball, 6MD, EV 100.6 MPH)
Batting: RHB António Valentín 0-0: Foul Ball, location: 2F
0-1: Ball
1-1: Swinging Strike
1-2: Ball
2-2: Ball
Cisco Chávez is caught stealing 2nd base 2-4
3-2: Strikes out looking
Batting: LHB Mike O'Halloran 0-0: Ball
1-0: Hit by Pitch
Batting: LHB Ben King 0-0: Called Strike
0-1: Foul Ball, location: 7LSF
0-2: Ball
1-2: Fly out, F8 (Flyball, 8LM, EV 91.3 MPH)
Top of the 9th over - 0 runs, 1 hit, 0 errors, 1 left on base; Memphis 9 - Indianapolis 4
BOTTOM OF THE 9TH
Indianapolis Indians batting - Pitching for Memphis Redbirds : RHP Daniel Bulseco
Batting: RHB Manny Martínez 0-0: Ball
1-0: Foul Ball, location: 5DF
1-1: Foul Ball, location: 5FF
1-2: Strikes out swinging
Batting: RHB Steve Jenkins 0-0: Swinging Strike
0-1: Ball
1-1: Foul Ball, location: 5F
1-2: Foul Ball, location: 9LDF
1-2: Ground out 6-3 (Groundball, P, EV 80.6 MPH)
Batting: LHB Jim Beard 0-0: Ball
1-0: Ground out U3 (Groundball, 3L, EV 106.3 MPH)
Bottom of the 9th over - 0 runs, 0 hits, 0 errors, 0 left on base; Memphis 9 - Indianapolis 4
Monday, April 1st , 2024 - OOTP Baseball 24.10 Build 82